 Dungeon Crawl Stone Soup version 0.30.1-1-g62c8e00024 (webtiles) character file.

Game seed: 16647691482867990284

5 shmup the Firebug (level 1, 0/10 HPs)
             Began as a Tengu Fire Elementalist on July 14, 2023.
             Slain by a kobold
             ... wielding a +0 short sword
              (3 damage)
             ... on level 1 of the Dungeon.
             The game lasted 00:00:46 (170 turns).

shmup the Firebug (Tengu Fire Elementalist)          Turns: 170, Time: 00:00:46

Health: 0/10       AC:  2    Str:  8    XL:     1   Next: 80%
Magic:  0/4        EV: 12    Int: 15    God:
Gold:   47         SH:  0    Dex: 14    Spells: 3/4 levels left

rFire   . . .        f - +0 short sword
rCold   . . .        (no shield)
rNeg    . . .        a - +0 robe
rPois   .            (helmet restricted)
rElec   .            (no cloak)
rCorr   .            (no gloves)
SInv    .            (boots unavailable)
Will    .....        (no amulet)
Stlth   ++           (no ring)
HPRegen 0.21/turn    (no ring)
MPRegen 0.09/turn

%: no passive effects
@: very slightly contaminated
A: beak, talons 3
a: no special abilities


You were on level 1 of the Dungeon.
You visited 1 branch of the dungeon, and saw 1 of its levels.

You collected 47 gold pieces.

Inventory:

Hand Weapons
 f - a +0 short sword (weapon)
Armour
 a - a +0 robe (worn)
Scrolls
 c - a scroll of fog {unknown}
 e - a scroll of magic mapping {unknown}
 g - a scroll of identify {unknown}
Potions
 b - a potion of magic
 d - a potion of curing {unknown}


   Skills:
 + Level 2.3 Dodging
 + Level 2.1 Stealth
 + Level 2.0 Spellcasting
 + Level 1.6 Conjurations
 + Level 3.3 Fire Magic


You had 3 spell levels left.
You knew the following spells:

 Your Spells              Type           Power      Damage    Failure   Level
a - Foxfire               Conj/Fire      36%        2x1d5     8%          1

Your spell library contained the following spells:

 Spells                   Type           Power      Damage    Failure   Level
 Scorch                   Fire           22%        2d6       9%          2
 Inner Flame              Hex/Fire       6%         N/A       32%         3
 Volatile Blastmotes      Fire/Tloc      12%        2d11      32%         3
 Flame Wave               Conj/Fire      9%         2d6       61%         4


Dungeon Overview and Level Annotations

Branches:
Dungeon (1/15)

Altars:


Innate Abilities, Weirdness & Mutations

You have a beak for a mouth.
You have claws for feet.


Message History

Your foxfire dissipates!
Your magical contamination has completely faded away.
A quokka comes into view.
The kobold shouts!
Casting: Foxfire (safe; 9% risk of failure)
Confirm with . or Enter, or press ? or * to list all spells.
Okay, then.
Casting: Foxfire (safe; 9% risk of failure)
Confirm with . or Enter, or press ? or * to list all spells.
You conjure some foxfire!
The foxfire hits the quokka.
The quokka is severely wounded.
The foxfire hits the quokka but does no damage.
The quokka is severely wounded.
Casting: Foxfire (safe; 9% risk of failure)
Confirm with . or Enter, or press ? or * to list all spells.
You conjure some foxfire!
The quokka bites you but does no damage.
The quokka closely misses you.
The foxfire hits the quokka but does no damage.
The quokka is severely wounded.
The foxfire hits the quokka.
You kill the quokka!
You hit the kobold but do no damage.
The kobold hits you with a +0 short sword.
You barely miss the kobold.
The kobold hits you with a +0 short sword.
Casting: Foxfire (safe; 8% risk of failure)
Confirm with . or Enter, or press ? or * to list all spells.
You miscast Foxfire.
You are very lightly contaminated with residual magic.
Nothing appears to happen.
The kobold hits you with a +0 short sword.
* * * LOW HITPOINT WARNING * * *
The kobold hits you with a +0 short sword.
* * * LOW HITPOINT WARNING * * *
Unknown command.
The kobold attacks as you move away!
The kobold hits you with a +0 short sword.
You die...

▒▒.▒▒▒▒.▒
▒...▒.▒ ▒▒.▒
▒.▒▒▒▒.....▒
...▒
▒........▒▒▒
▒▒▒▒
▒▒▒▒▒▒▒▒.▒ ▒
▒.▒▒▒ ▒
▒...▒ ▒
▒▒▒.▒ ▒ ▒.▒
▒ ▒▒Q▒ ▒
▒.K▒ ▒ ▒.▒▒
▒ ▒▒▒▒▒▒▒.▒
▒ ........▒
▒ ▒▒▒▒▒▒..▒▒
▒.....▒
▒.▒...▒
▒.▒...▒


You could see a kobold.

Vanquished Creatures
  An endoplasm (D:1)
  A giant cockroach (D:1)
  A quokka (D:1)
  A bat (D:1)
  A rat (D:1)
5 creatures vanquished.

Vanquished Creatures (others)
  10 foxfires (D:1)
10 creatures vanquished.

Grand Total: 15 creatures vanquished

Notes
Turn   | Place    | Note
-------+----------+-------------------------------------------
     0 | D:1      | shmup the Tengu Fire Elementalist began the quest for the
                  | Orb.
     0 | D:1      | Reached XP level 1. HP: 10/10 MP: 4/4
   170 | D:1      | Slain by a kobold

Illustrated notes

Levels and vault maps discovered:
D:1:      dpeg_arrival_water_altar, layout_loops_cross,
          chequers_serial_rivers_large_b

Action                     || total
---------------------------++-------
  Melee: Short sword       ||    14
         Kick              ||     3
         Peck              ||     2
   Cast: Foxfire           ||     7
 Armour: Robe              ||     4
  Dodge: Dodged            ||    13
